 Dungeon Crawl Stone Soup version 0.29.0-11-gd7f09526c8 (webtiles) character file.

Game seed: 6469730093642850424

144 KamiKatze the Shield-Bearer (level 5, -15/33 HPs)
             Began as a Gargoyle Fighter on Sept 4, 2022.
             Killed from afar by Ijyb (16 damage)
             ... with a bolt of acid
             ... on level 4 of the Dungeon.
             The game lasted 00:10:25 (2977 turns).

KamiKatze the Shield-Bearer (Gargoyle Fighter)      Turns: 2977, Time: 00:10:26

Health: -15/33     AC:  7    Str: 21    XL:     5   Next: 27%
Magic:  5/5        EV:  9    Int:  9    God:
Gold:   131        SH:  4    Dex:  9    Spells: 4/4 levels left

rFire   . . .      SeeInvis .   b - +0 hand axe
rCold   . . .      Faith    .   c - +0 buckler
rNeg    + . .      Spirit   .   k - +0 scale mail
rPois   ∞          Reflect  .   (no helmet)
rElec   +          Harm     .   (no cloak)
rCorr   .          Rampage  .   (no gloves)
Will    .....                   (no boots)
Stlth   ..........              (no amulet)
HPRegen 0.11/turn               (no ring)
MPRegen 0.09/turn               (no ring)

@: mighty, corroded
A: sickness immunity, AC +4, negative energy resistance 1, electricity
resistance, torment resistance 1, petrification resistance
a: no special abilities


You were on level 4 of the Dungeon.
You visited 1 branch of the dungeon, and saw 4 of its levels.

You collected 131 gold pieces.

Inventory:

Hand Weapons
 a - a +0 vorpal war axe
 b - a +0 hand axe (weapon)
 w - a +0 mace
Missiles
 e - 35 stones
 z - 6 poisoned darts (quivered)
Armour
 c - a +0 buckler (worn)
 k - a +0 scale mail (worn)
Scrolls
 i - a scroll of poison {unknown}
 l - a scroll of teleportation
 m - a scroll of brand weapon
 r - a scroll of fear {unknown}
 t - a scroll of blinking {unknown}
 u - a scroll of amnesia {unknown}
 v - a scroll of silence {unknown}
 x - a scroll of fog {unknown}
 y - a scroll of magic mapping
 A - a scroll of enchant weapon {unknown}
Potions
 f - 2 potions of flight
 g - a potion of invisibility {unknown}
 h - a potion of heal wounds {unknown}
 j - a potion of brilliance {unknown}
 o - a potion of curing {unknown}
 p - a potion of lignification {unknown}
 q - a potion of attraction {unknown}
 s - a potion of ambrosia


   Skills:
 - Level 4.0 Fighting
 * Level 3.3 Axes
 + Level 0.3 Throwing
 - Level 4.0 Armour
 + Level 4.1 Shields


You had 4 spell levels left.
You didn't know any spells.
Your spell library contained the following spells:

 Spells                   Type           Power      Damage    Failure   Level
 Confusing Touch          Hex            0%         N/A       99%         3
 Yara's Violent Unravell  Hex/Tmut       0%         3d3       100%        5
 Enfeeble                 Hex            0%         N/A       100%        7


Dungeon Overview and Level Annotations

Branches:
Dungeon (4/15)             Temple (0/1) D:4

Altars:
Cheibriados

Shops:
D:1 (

Annotations:
D:4 Eustachio, Ijyb


Innate Abilities, Weirdness & Mutations

You are immune to sickness and miasma.
Your stone body is resilient. (AC +4)
You are immune to poison.
You resist negative energy. (rN+)
You are resistant to electric shocks. (rElec)
You are resistant to unholy torment.
You are immune to petrification.


Message History

The ball python hisses angrily.
Ijyb hits you but does no damage.
You hit Ijyb but do no damage.
Ijyb hits you with a +1 dagger of holy wrath.
You hit Ijyb but do no damage. Ijyb closely misses you.
You closely miss Ijyb. Ijyb hits you but does no damage.
Ijyb zaps a wand.
The bolt of acid misses you.
You hit Ijyb but do no damage. You closely miss the ball python.
The ball python bites you. The ball python grabs you.
The ball python constricts you.
Ijyb zaps a wand.
The bolt of acid hits you!
* * * LOW HITPOINT WARNING * * *
You barely miss Ijyb. You barely miss the ball python.
You are no longer corroded.
The ball python bites you but does no damage.
The ball python constricts you. Ijyb barely misses you.
The ball python bites you but does no damage.
The ball python constricts you.
Unknown command.
Sorry, you're not good enough to have a special ability.
Unknown command.
You feel very mighty all of a sudden. Ijyb hits you but does no damage.
The ball python bites you but does no damage.
The ball python constricts you.
Unknown command.
You barely miss Ijyb. You hit the ball python.
You kill the ball python!
Ijyb hits you but does no damage.
You barely miss Ijyb.
Ijyb zaps a wand.
The bolt of acid hits you!
* * * LOW HITPOINT WARNING * * *
The acid corrodes you!
You slash Ijyb!
Ijyb is moderately wounded.
Ijyb hits you with a +1 dagger of holy wrath.
* * * LOW HITPOINT WARNING * * *
Ijyb zaps a wand.
The bolt of acid misses you.
You closely miss Ijyb.
Ijyb is moderately wounded.
Ijyb zaps a wand.
The bolt of acid hits you!
You die...

,,**,,,,,** *,,,,*,,,,,>,,,,,*
,,***,,,** #....#.....,,,,,,*
,,* *****#####....#......,,,,,*
,,****,,,,.......(........,,,,*
,,**,,,,,,*#..................#
,,**,,,,,**#..................#
,,*,,,,,,* #..................#
,,,,,,,*** #...g$.............#
***********#....@.............#
,,,,,,,,,,*#..............$...#
*,,,*****,*#..................#
#,,,* ***###................#
....#####,,,8#.....####......##
.......<#,,,*#.....# #......#
....#####,_,.......# ##.#####
.,,,,,,**,,.############.#
,,,,,,,**,,,8*,,,........#


You could see Ijyb.

Vanquished Creatures
  5 adders
  A worm (D:2)
  3 dart slugs
  7 orcs
  7 endoplasms
  2 giant cockroaches
  7 goblins
  5 hobgoblins
  6 jackals
  6 quokkas
  7 ball pythons
  5 bats
  5 frilled lizards
  6 kobolds
  6 rats
78 creatures vanquished.

Notes
Turn   | Place    | Note
-------+----------+-------------------------------------------
     0 | D:1      | KamiKatze the Gargoyle Fighter began the quest for the Orb.
     0 | D:1      | Reached XP level 1. HP: 14/14 MP: 1/1
   169 | D:1      | Reached XP level 2. HP: 17/19 MP: 2/2
   196 | D:1      | Found a faded altar of an unknown god.
   332 | D:1      | Found Doosil's Weapon Boutique.
   757 | D:1      | Reached XP level 3. HP: 23/23 MP: 3/3
  1167 | D:2      | Reached XP level 4. HP: 28/29 MP: 4/4
  1430 | D:2      | You fall into a shaft and drop 1 floor!
  1994 | D:3      | Found a snail-covered altar of Cheibriados.
  2391 | D:3      | Reached XP level 5. HP: 31/33 MP: 5/5
  2688 | D:4      | Noticed Eustachio
  2958 | D:4      | Noticed Ijyb
  2976 | D:4      | HP: 1/33 [Ijyb/+1 dagger of holy wrath (6)]
  2977 | D:4      | Killed from afar by Ijyb

Illustrated notes

Levels and vault maps discovered:
D:1:      lemuel_arrival_funnel, layout_loops_ring,
          chequers_ecumenical_altar_island, serial_shops, shop,
          minmay_tromino_v4_c
D:2:      layout_basic
D:3:      layout_loops_ring, mainiacjoe_overflow_catwalk
D:4:      minmay_opposing_rooms, layout_basic, mainiacjoe_overflow_alcove_2,
          temple_green, uniq_menkaure, uniq_eustachio, uniq_duvessa, uniq_ijyb

Skill      XL: |  1  2  3  4  5 |
---------------+----------------+-----
Axes           | 2 3 |  3.3
Shields        | 4 |  4.1
Fighting       | 4 |  4.0
Armour         | 4 |  4.0
Throwing       | |  0.3

Action                   |  1- 3 |  4- 6 || total
-------------------------+-------+-------++-------
Melee: War axe           |    49 |       ||    49
       Hand axe          |    83 |   182 ||   265
  Use: Scroll            |       |     5 ||     5
       Potion            |       |     1 ||     1
Armor: Scale mail        |    73 |    76 ||   149
Dodge: Dodged            |    54 |    88 ||   142
Block: Buckler           |    22 |    38 ||    60
